 Dungeon Crawl Stone Soup version 0.23-a0-319-gb40ba49 (webtiles) character file.

171 namelastname112 the Skirmisher (level 5, 0/48 HPs)
             Began as a Draconian Wanderer on Oct 14, 2018.
             Killed by divine providence
             ... invoked by an orc priest
              (12 damage)
             ... on level 3 of the Dungeon.
             The game lasted 00:03:25 (1560 turns).

namelastname112 the Skirmisher (Draconian Wanderer) Turns: 1560, Time: 00:03:27

Health: 0/48       AC:  5    Str: 12    XL:     5   Next: 26%
Magic:  5/5        EV: 13    Int: 10    God:
Gold:   84         SH:  0    Dex: 16    Spells: 4/4 levels left

rFire    . . .     SeeInvis .   a - +2 falchion
rCold    . . .     Gourm    .   (no shield)
rNeg     . . .     Faith    .   (armour unavailable)
rPois    .         Spirit   .   (helmet restricted)
rElec    .         Reflect  .   l - scarf {repulsion}
rCorr    .         Harm     .   (no gloves)
MR       .....                  (no boots)
Stlth    +.........             (no amulet)
HPRegen  0.16/turn              (no ring)
MPRegen  0.09/turn              (no ring)

@: repel missiles
A: unfitting armour, cold-blooded, AC +5
a: no special abilities


You were on level 3 of the Dungeon.
You were hungry.

You visited 1 branch of the dungeon, and saw 3 of its levels.

You collected 84 gold pieces.

Inventory:

Hand Weapons
 a - a +2 falchion (weapon)
Armour
 l - a scarf of repulsion (worn)
Scrolls
 b - 2 scrolls of enchant weapon {unknown}
 e - 3 scrolls of identify {unknown}
 f - a scroll of magic mapping {unknown}
 g - 2 scrolls of immolation {unknown}
 h - a scroll of noise {unknown}
 k - 2 scrolls of teleportation {unknown}
 o - a scroll of fear {unknown}
Potions
 c - 2 potions of curing
 i - a potion of degeneration {unknown}
 j - a potion of lignification {unknown}
 m - a potion of magic {unknown}
Comestibles
 d - 8 rations
 n - 5 chunks of flesh


   Skills:
 + Level 5.5 Fighting
   Level 1.0(2.8) Short Blades
 + Level 4.1(4.2) Long Blades
 - Level 1.7 Throwing
 + Level 2.4 Dodging


You had 4 spell levels left.
You didn't know any spells.
Your spell library was empty.

Dungeon Overview and Level Annotations

Branches:
Dungeon (3/15)

Altars:
Sif Muna

Annotations:
D:2 exclusion: door, Crazy Yiuf


Innate Abilities, Weirdness & Mutations

Your plain brown scales are hard. (AC +5)
You cannot fit into any form of body armour.
You are cold-blooded and may be slowed by cold attacks.


Message History

The orc priest is severely wounded.
The orc priest completely misses you.
You barely miss the orc priest.
The orc priest is severely wounded.
The orc priest invokes the aid of Beogh against you.
Beogh smites you!
* * * LOW HITPOINT WARNING * * *
You hear a shout!
You take 16 damage, and have 12/48 hp.
MASSIVE DAMAGE!!
You closely miss the orc priest.
The orc priest is severely wounded.
The orc priest hits you but does no damage.
You hit the orc priest.
The orc priest is almost dead.
The orc priest closely misses you.
You closely miss the orc priest.
The orc priest is almost dead.
The orc priest invokes the aid of Beogh against you.
Beogh smites you!
You die...

# #......# ###
##......# ..## #
###.......# ... ###.
#.........# .# #
##...#####.#.......#
.#.##
..o........#.......#
.....
....o...###...##.###
.#...
#######)..#.###..#
..# #....@oo....#
#.## .....
#..######....# #[#
.##.. #......###.#
.# . .......#...#.#
## .............#
### .............#
... .............#
<.. .............#
... ............#


You could see an orc priest and an orc.

Vanquished Creatures
  An orc wizard (D:3)
  4 adders
  An ooze (D:2)
  3 worms
  A dart slug (D:3)
  A leopard gecko (D:1)
  8 orcs
  2 giant cockroaches (D:2)
  9 goblins
  8 hobgoblins
  11 jackals
  2 ball pythons (D:1)
  13 bats
  5 frilled lizards
  2 kobolds (D:3)
  10 rats
81 creatures vanquished.

Notes
Turn   | Place    | Note
-------+----------+-------------------------------------------
     0 | D:1      | namelastname112 the Draconian Wanderer began the quest for
                  | the Orb.
     0 | D:1      | namelastname112 set off with: a +2 falchion, a +0 short
                  | sword, a potion of curing, a ration
     0 | D:1      | Reached XP level 1. HP: 22/22 MP: 1/1
   120 | D:1      | Reached XP level 2. HP: 28/28 MP: 2/2
   198 | D:1      | Reached skill level 1 in Dodging
   281 | D:1      | Reached XP level 3. HP: 31/34 MP: 3/3
   665 | D:2      | Found a deep blue altar of Sif Muna.
   693 | D:2      | Found a runed door.
   697 | D:2      | Noticed Crazy Yiuf
   784 | D:2      | Reached skill level 5 in Fighting
  1090 | D:2      | Reached XP level 4. HP: 38/42 MP: 4/4
  1386 | D:3      | Reached XP level 5. HP: 23/48 MP: 5/5
  1560 | D:3      | Killed from afar by an orc priest

Vault maps used:
D:1:      lightli_iron_boxes
D:2:      lemuel_round_altar, first_ration, wad_orctagon,
          uniq_crazy_yiuf_cottage

Skill      XL: |  1  2  3  4 |
---------------+-------------+-----
Dodging        | 1 2 |  2.4
Fighting       | 5 |  5.5
Long Blades    | 4 |  4.1
Short Blades   | |  1.0
Throwing       | |  1.7

Action                   |  1- 3 |  4- 6 || total
-------------------------+-------+-------++-------
Melee: Falchion          |   104 |    87 ||   191
       Tailslap          |    13 |    15 ||    28
  Use: Potion            |       |     1 ||     1
 Stab: Sleeping          |     4 |       ||     4
       Distracted        |       |     1 ||     1
  Eat: Chunk             |     1 |     1 ||     2
Armor: Skin              |    43 |    23 ||    66
Dodge: Dodged            |    90 |    75 ||   165
       Rpst.: Falchion   |    24 |    23 ||    47

Table legend:
 A = Non-vault XP
 B = Vault XP
 C = Vault XP percentage of total XP
 D = Non-vault monster count
 E = Vault monster count
 F = Vault count percentage of total count
                 A         B        C        D         E       F
            +---------+---------+-------+---------+---------+-------
      Total |     233 |      12 |   4.9 |      77 |       4 |   4.9
            +---------+---------+-------+---------+---------+-------
        D:1 |      45 |       0 |   0.0 |      28 |       0 |   0.0
        D:2 |      45 |      12 |  21.1 |      15 |       4 |  21.1
        D:3 |     143 |       0 |   0.0 |      34 |       0 |   0.0
            +---------+---------+-------+---------+---------+-------
